 Dungeon Crawl Stone Soup version 0.30-a0-948-g4fa250aae5 (webtiles) character file.

Game seed: 9683506866086596536

107 voltaire321 the Ruffian (level 4, -2/26 HPs)
             Began as a Gargoyle Transmuter on Mar 26, 2023.
             Slain by Xak's ghost (8 damage)
             ... on level 3 of the Dungeon.
             The game lasted 00:07:27 (3267 turns).

voltaire321 the Ruffian (Gargoyle Transmuter)       Turns: 3267, Time: 00:07:28

Health: -2/26      AC: 15    Str: 20    XL:     4   Next: 86%
Magic:  7/7        EV:  8    Int: 13    God:
Gold:   96         SH:  0    Dex: 12    Spells: 6/7 levels left

rFire   . . .      SeeInvis .    e - +1 dagger (venom)
rCold   + . .      Faith    .    (no shield)
rNeg    + . .      Spirit   .    w - +2 chain mail {rC+}
rPois   ∞          Reflect  .    s - +0 helmet
rElec   +          Rampage  .    (no cloak)
rCorr   .                        (no gloves)
Will    .....                    (no boots) Stlth
                                 (no amulet)
HPRegen 0.24/turn                h - +6 ring of strength
MPRegen 0.10/turn                (no ring)

@: no status effects
A: sickness immunity, AC +3, negative energy resistance 1, electricity
resistance, torment resistance 1, petrification resistance
a: no special abilities


You were on level 3 of the Dungeon.
You visited 1 branch of the dungeon, and saw 3 of its levels.

You collected 96 gold pieces.

Inventory:

Hand Weapons
 d - a +0 dagger of protection
 e - a +1 dagger of venom (weapon)
 q - a +2 short sword of protection
 u - a +3 rapier
Armour
 c - a +0 leather armour
 s - a +0 helmet (worn)
 w - a +2 chain mail of cold resistance (worn)
Jewellery
 h - a +6 ring of strength (left hand)
Wands
 v - a wand of iceblast (4)
Scrolls
 f - 2 scrolls of identify {unknown}
 i - a scroll of magic mapping {unknown}
 j - a scroll of enchant weapon {unknown}
 k - a scroll of brand weapon {unknown}
 l - a scroll of amnesia {unknown}
 p - a scroll of vulnerability {unknown}
Potions
 a - 2 potions of heal wounds {unknown}
 b - 2 potions of lignification
 g - 4 potions of curing {unknown}
 m - a potion of ambrosia {unknown}
 n - 2 potions of berserk rage {unknown}
 o - 2 potions of degeneration {unknown}
 r - a potion of mutation {unknown}
 t - a potion of brilliance {unknown}


   Skills:
 + Level 2.2 Fighting
 + Level 1.5 Armour
 + Level 2.0 Dodging
 + Level 3.5 Unarmed Combat
 + Level 2.4 Spellcasting
 + Level 2.2 Transmutations


You had 6 spell levels left.
You knew the following spells:

 Your Spells              Type           Power      Damage    Failure   Level
a - Beastly Appendage     Tmut           14%        N/A       73%         1

Your spell library contained the following spells:

 Spells                   Type           Power      Damage    Failure   Level
 Wereblood                Tmut           7%         N/A       86%         2
 Summon Small Mammal      Summ           4%         N/A       95%         1
 Ensorcelled Hibernation  Hex/Ice        2%         N/A       99%         2
 Spider Form              Tmut/Pois      4%         N/A       99%         3
 Call Canine Familiar     Summ           1%         N/A       100%        3
 Summon Guardian Golem    Hex/Summ       1%         N/A       100%        3
 Vhi's Electric Charge    Tloc/Air       2%         N/A       100%        3
 Anguish                  Hex/Necr       0%         N/A       100%        4
 Ice Form                 Ice/Tmut       4%         N/A       100%        4
 Arcjolt                  Conj/Air       0%         1d10      100%        5
 Fireball                 Conj/Fire      0%         3d3       100%        5
 Iskenderun's Battlesphe  Conj           1%         2d6       100%        5
 Conjure Ball Lightning   Conj/Air       0%         3x3d6     100%        6
 Orb of Destruction       Conj           0%         9d5       100%        7
 Maxwell's Capacitive Co  Air            0%         ∞         100%        8


Dungeon Overview and Level Annotations

Branches:
Dungeon (3/15)

Altars:

Annotations:
D:3 Xak's ghost, weakling MiBe


Innate Abilities, Weirdness & Mutations

You are immune to sickness and miasma.
Your stone body is resilient. (AC +3)
You are immune to poison.
You resist negative energy. (rN+)
You are resistant to electric shocks. (rElec)
You are resistant to unholy torment.
You are immune to petrification.


Message History

Xak's ghost barely misses you.
You barely miss Xak's ghost.
Xak's ghost is moderately damaged.
Xak's ghost hits you!
You barely miss Xak's ghost.
Xak's ghost is moderately damaged.
Xak's ghost hits you but does no damage.
You hit Xak's ghost but do no damage.
You punch Xak's ghost, but do no damage.
Xak's ghost is moderately damaged.
Xak's ghost hits you.
You hit Xak's ghost.
Xak's ghost is heavily damaged.
Xak's ghost closely misses you.
You closely miss Xak's ghost.
Xak's ghost is heavily damaged.
Xak's ghost closely misses you.
You hit Xak's ghost but do no damage.
Xak's ghost is heavily damaged.
Xak's ghost hits you but does no damage.
You barely miss Xak's ghost.
Xak's ghost is heavily damaged.
Xak's ghost closely misses you.
You hit Xak's ghost.
Xak's ghost is heavily damaged.
Xak's ghost hits you but does no damage.
You miss Xak's ghost.
Xak's ghost is heavily damaged.
Xak's ghost closely misses you.
You hit Xak's ghost.
Xak's ghost is heavily damaged.
Xak's ghost hits you.
* * * LOW HITPOINT WARNING * * *
You hit Xak's ghost. You punch Xak's ghost.
Xak's ghost is almost destroyed.
Xak's ghost hits you but does no damage.
You hit Xak's ghost.
Xak's ghost is almost destroyed.
Xak's ghost hits you!
You die...

~♣.....##...#.......#....#.# #~~.
~♣.....##...#.......#....#.# #8~.
~......##...###'''###..#.#.# #~~.
.......##..............#.#.###~..
........#................#...#..#
........#.#.##.#.#.##############
........#.#.##.rr#............#
#######.#......#W############.#
#...........#@############>#
#....#......#............#.# #
#....#.#################.#.# #
#....#.####### #......#.# #
#....#.......# #.######.# #
##....#######.# #.# #.# #
###PPP.## #.# ###.# #.# #
#.~~~~.P#######.# #.#.# #.# #
~~~~♣♣~~##......# #.#.# #.# #


You could see Xak's ghost, a quokka and a rat.

Vanquished Creatures
  3 adders
  2 dart slugs
  An orc (D:3)
  3 ball pythons
  9 bats
  6 endoplasms
  6 giant cockroaches
  11 hobgoblins
  6 jackals
  3 quokkas
  A frilled lizard (D:2)
  4 goblins
  5 kobolds
  4 rats
64 creatures vanquished.

Vanquished Creatures (others)
  13 plants (D:3)
13 creatures vanquished.

Grand Total: 77 creatures vanquished

Notes
Turn   | Place    | Note
-------+----------+-------------------------------------------
     0 | D:1      | voltaire321 the Gargoyle Transmuter began the quest for the
                  | Orb.
     0 | D:1      | Reached XP level 1. HP: 12/12 MP: 3/3
   169 | D:1      | Reached XP level 2. HP: 16/16 MP: 5/5
   616 | D:1      | Reached XP level 3. HP: 15/20 MP: 6/6
  1088 | D:2      | Reached skill level 1 in Armour
  1184 | D:2      | Found a faded altar of an unknown god.
  1430 | D:2      | Reached XP level 4. HP: 26/26 MP: 5/7
  1860 | D:3      | Found a runed translucent gate.
  1860 | D:3      | Noticed an ogre
  1860 | D:3      | Noticed Xak's ghost (weakling MiBe)
  1861 | D:3      | Found a runed translucent gate.
  1878 | D:3      | Found a runed translucent gate.
  3267 | D:3      | Slain by Xak's ghost

Illustrated notes

Levels and vault maps discovered:
D:1:      sevenhm_arrival_forest_fort_large_2, layout_loops_ring,
          serial_bayou_ford_a
D:2:      layout_loops_ring, hellmonk_ecumenical_altar_blasted,
          minmay_randomly_rotated_circles
D:3:      layout_basic, serial_bayou, serial_bayou_crossing,
          serial_bayou_pond_c, serial_bayou_lake_a, serial_bayou_shore_b,
          gammafunk_ghost_split, moated_statue

Skill      XL: |  1  2  3  4 |
---------------+-------------+-----
Armour         | 1 |  1.5
Transmutations | 2 |  2.2
Fighting       | 2 |  2.2
Dodging        | 2 |  2.0
Unarmed Combat | |  3.5
Spellcasting   | |  2.4

Action                     |  1- 3 |  4- 6 || total
---------------------------+-------+-------++-------
  Melee: Dagger            |   113 |    99 ||   212
         Punch             |     4 |     2 ||     6
         Kick              |     9 |     7 ||    16
         Headbutt          |     7 |     6 ||    13
   Cast: Beastly Appendage |     8 |    13 ||    21
 Armour: Leather armour    |    61 |    23 ||    84
         Chain mail        |       |    16 ||    16
  Dodge: Dodged            |    69 |    53 ||   122

Table legend: (Time is in decaauts)
 A = Elapsed time spent in this place.
 B = Non-inter-level travel time spent in this place.
 C = Inter-level travel time spent in this place.
 D = Time resting spent in this place.
 E = Time spent auto-exploring this place.
 F = Levels seen in this place.
 G = Mean time per level.
                   A        B        C        D        E       F      G
               +--------+--------+--------+--------+--------+-----+--------+
         Total |   3344 |   3305 |     39 |     93 |   2575 |   3 | 1114.7 |
       Dungeon |   3344 |   3305 |     39 |     93 |   2575 |   3 | 1114.7 |
               +--------+--------+--------+--------+--------+-----+--------+

Top non-repeatable levels by time:
     D:3: 1667 daAuts
     D:1: 947 daAuts
     D:2: 729 daAuts
